 Dungeon Crawl Stone Soup version 0.31-a0-188-g5e087ee2ca (webtiles) character file.

Game seed: 4747768306132149113

101 qw the Shooter (level 4, -1/25 HPs)
             Began as a Deep Elf Hunter on June 23, 2023.
             Killed from afar by an orc wizard (4 damage)
             ... with a magic dart
             ... on level 3 of the Dungeon.
             The game lasted 00:00:38 (1652 turns).

qw the Shooter (Deep Elf Hunter)                    Turns: 1652, Time: 00:00:39

Health: -1/25      AC:  5    Str: 10    XL:     4   Next: 48%
Magic:  6/6        EV: 11    Int: 14    God:
Gold:   130        SH:  0    Dex: 18    Spells: 3/3 levels left

rFire   . . .        Y - +1 shortbow (flame)
rCold   . . .        (shield currently unavailable)
rNeg    . . .        e - +0 ring mail
rPois   +            (no helmet)
rElec   .            (no cloak)
rCorr   .            (no gloves)
SInv    .            (no boots)
Will    .....        l - amulet of the acrobat
Stlth   +            c - ring of poison resistance
HPRegen 0.24/turn    (no ring)
MPRegen 0.10/turn

%: acrobat
@: no status effects
A: no striking features
a: no special abilities


You were on level 3 of the Dungeon.
You visited 1 branch of the dungeon, and saw 3 of its levels.

You collected 130 gold pieces.


   Skills:
 - Level 1.5 Fighting
 + Level 7.9 Ranged Weapons
 - Level 2.4 Dodging
 - Level 1.2 Stealth


You had 3 spell levels left.
You didn't know any spells.
Your spell library was empty.

Inventory:

Hand Weapons
 Y - a +1 shortbow of flaming (weapon)
Armour
 e - a +0 ring mail (worn)
Jewellery
 c - a ring of poison resistance (left hand)
 l - an amulet of the acrobat (around neck)
Scrolls
 b - 4 scrolls of identify
Potions
 g - a potion of cancellation

Dungeon Overview and Level Annotations

Branches:
Dungeon (3/15)

Altars:

Shops:
D:2 (


Message History

You shoot an arrow. The arrow hits the orc.
The arrow burns the orc.
You kill the orc!
The orc priest hits you with a +0 hand axe.
You shoot an arrow. The arrow hits the orc priest.
The arrow burns the orc priest.
The orc priest is moderately wounded.
You shoot an arrow. The arrow barely misses the orc.
The orc priest invokes the aid of Beogh against you.
Pain shoots through your body! The orc misses you.
1647 ||| DRINKING potion of heal wounds.
You feel much better. The orc hits you but does no damage.
The orc priest hits you with a +0 hand axe.
You shoot an arrow.
The arrow hits the orc but does no damage.
The orc is heavily wounded.
The orc priest misses you. The orc hits you with a +0 hand axe.
You shoot an arrow.
The arrow hits the orc but does no damage.
The orc is heavily wounded.
The orc priest hits you with a +0 hand axe.
The orc priest calls upon Beogh to heal something.
You shoot an arrow. The arrow hits the orc priest.
The arrow burns the orc priest.
The orc priest is moderately wounded.
You hear some strange, mumbled words.
A magic dart appears from out of thin air!
The magic dart hits you!
The orc priest looks encouraged for a moment.
You shoot an arrow.
The arrow hits the orc priest but does no damage.
The orc priest is moderately wounded.
Something barely misses you. The orc priest misses you.
You shoot an arrow. The arrow hits the orc priest.
The arrow burns the orc priest.
The orc priest is heavily wounded.
You hear some strange, mumbled words.
A magic dart appears from out of thin air!
The magic dart hits you.
You die...

.......# .# ....#
.......# # ..%.#
.......########....
.................#
.......#....<....#
########.........#
#..)..)...#
####.#.#####
~~~~~~~.#...@o#
#############{......
.....## #..### ..#
... ... ....


You could see an orc priest.

Vanquished Creatures
  Terence (D:2)
  3 adders
  2 dart slugs (D:1)
  An orc (D:3)
  7 bats
  2 endoplasms
  4 goblins
  6 hobgoblins
  3 quokkas
  4 ball pythons
  2 frilled lizards (D:1)
  5 kobolds (D:1)
  4 rats
44 creatures vanquished.

Notes
Turn   | Place    | Note
-------+----------+-------------------------------------------
     0 | D:1      | qw the Deep Elf Hunter began the quest for the Orb.
     0 | D:1      | Reached XP level 1. HP: 12/12 MP: 3/3
     0 | D:1      | 0 ||| qw: Version: 0.3-a-9-g12657ce
     0 | D:1      | 0 ||| qw: Game counter: 3642
     0 | D:1      | 0 ||| qw: Always use a shield: true
     0 | D:1      | 0 ||| qw: God list: Okawaru
     0 | D:1      | 0 ||| qw: Allow faded altars: false
     0 | D:1      | 0 ||| qw: Do Orc after D:15 true
     0 | D:1      | 0 ||| qw: Do second Lair branch before Depths: true
     0 | D:1      | 0 ||| qw: Lair rune preference: random
     0 | D:1      | 0 ||| qw: Plans: Normal
     0 | D:1      | 0 ||| PLANNING D:1-11
    82 | D:1      | Reached skill level 6 in Ranged Weapons
    82 | D:1      | Reached XP level 2. HP: 16/16 MP: 4/4
   716 | D:1      | Reached XP level 3. HP: 20/20 MP: 5/5
   903 | D:1      | 903 ||| UPGRADING to +0 ring mail.
   913 | D:1      | 913 ||| DROPPING +0 leather armour.
   914 | D:1      | 914 ||| UPGRADING to amulet of the acrobat.
   919 | D:1      | 919 ||| READING scroll labelled SOUKLE QAFE.
   920 | D:1      | 920 ||| READING scroll labelled DUFRO BIUSKADU.
   921 | D:1      | 921 ||| READING scroll labelled TETUNATSUO.
   922 | D:1      | 922 ||| READING scroll labelled IFUHUOQIUNU.
   923 | D:1      | 923 ||| READING scroll labelled TUPU LEALU.
   927 | D:1      | 927 ||| READING scroll labelled BAYRHYCESA.
   928 | D:1      | 928 ||| READING scroll labelled TAUWITRA LUMI.
   929 | D:1      | 929 ||| DROPPING scroll of butterflies.
   943 | D:2      | Found Jasmiri's Weapon Shop.
  1064 | D:2      | Reached skill level 7 in Ranged Weapons
  1231 | D:2      | Noticed Terence
  1237 | D:2      | Killed Terence
  1238 | D:2      | Reached XP level 4. HP: 25/25 MP: 6/6
  1567 | D:2      | 1567 ||| UPGRADING to ring of poison resistance.
  1568 | D:2      | 1568 ||| READING scroll labelled LEHARO QUAQUU.
  1569 | D:2      | 1569 ||| READING 2 scrolls labelled XUTIL ROFAOT.
  1570 | D:2      | 1570 ||| READING scroll labelled QITEGE TUBU.
  1571 | D:2      | 1571 ||| DRINKING 2 sapphire potions.
  1572 | D:2      | 1572 ||| READING 6 scrolls of identify.
  1572 | D:2      | 1572 ||| IDENTIFYING fuming white potion
  1573 | D:2      | 1573 ||| READING 5 scrolls of identify.
  1573 | D:2      | 1573 ||| IDENTIFYING glowing golden potion
  1574 | D:2      | 1574 ||| DROPPING potion of ambrosia.
  1575 | D:2      | 1575 ||| DROPPING scroll of fear.
  1587 | D:3      | 1587 ||| PLANNING SEWER
  1646 | D:3      | HP: 5/25 [orc priest/nerve-wracking pain (7)]
  1647 | D:3      | 1647 ||| DRINKING potion of heal wounds.
  1650 | D:3      | HP: 2/25 [something/magic dart (11)]
  1652 | D:3      | Killed from afar by an orc wizard

Levels and vault maps discovered:
D:1:      dpeg_arrival_shelter, layout_basic
D:2:      layout_basic, serial_shops, nicolae_shop_hallway_stairs,
          ebering_dispersal_statue_hall, uniq_terence
D:3:      layout_rooms, portal_sewer_entry_d, minmay_box_of_dots

Skill      XL: |  1  2  3 |
---------------+----------+-----
Ranged Weapons | 6 7 |  7.9
Fighting       | |  1.5
Dodging        | |  2.4
Stealth        | |  1.2

Action                     |  1- 3 |  4- 6 || total
---------------------------+-------+-------++-------
   Fire: Shortbow          |    99 |    31 ||   130
    Use: Scroll            |     7 |     5 ||    12
         Potion            |       |     2 ||     2
 Armour: Leather armour    |     8 |       ||     8
         Ring mail         |     2 |     3 ||     5
  Dodge: Dodged            |    16 |    12 ||    28

Table legend:
 A = Non-vault XP
 B = Vault XP
 C = Vault XP percentage of total XP
 D = Non-vault monster count
 E = Vault monster count
 F = Vault count percentage of total count
                 A         B        C        D         E       F
            +---------+---------+-------+---------+---------+-------
      Total |      99 |      46 |  31.7 |      42 |       2 |   4.5
            +---------+---------+-------+---------+---------+-------
        D:1 |      44 |       0 |   0.0 |      24 |       0 |   0.0
        D:2 |      34 |      32 |  48.5 |      14 |       1 |   6.7
        D:3 |      21 |      14 |  40.0 |       4 |       1 |  20.0
            +---------+---------+-------+---------+---------+-------
